Map: 드림캐처 - 래더

Players

Patience

  • Race: Protoss Protoss
  • Spawn Location: 5:00

lIIllllIIlll (INnoVation) - Winner!

  • Race: Terran Terran
  • League: Master
  • Spawn Location: 11:00

Event: HomeStory Cup XVII

VOD

Have the link to the VOD?

Description

Time

  • Played on: June 30, 2018, 5:37 p.m.
  • Length: 21:16

All games in this series

Show
View Real Time Build Order
Export as new Build Order

Patience Protoss 

Build Orders: 1 Gate Expand, Oracle Opening, Phoenix Opening 

Get SALT Encoding   

  12  0:00  Probe  
  13  0:13  Probe  
  14  0:17  Pylon  
  14  0:23  Probe  
  15  0:31  Probe  
  15  0:38  Gateway  
  15  0:40  Probe  
  16  0:46  Assimilator  
  17  0:51  Probe  
  18  1:03  Probe  
  19  1:15  Probe  
  20  1:23  Nexus  
  20  1:32  Cybernetics Core  
  20  1:35  Probe  
  21  1:43  Assimilator  
  21  1:47  Probe  
  21  1:50  Pylon  
  22  1:59  Probe  
  22  2:00  Adept  
  23  2:12  Probe  
  26  2:18  Stargate  
  26  2:19  Adept  
  26  2:24  Probe  
  29  2:31  Warp Gate  
  29  2:36  Probe  
  31  2:37  Probe  
  31  2:43  Adept  
  31  2:48  Probe  
  31  2:49  Probe  
  35  2:54  Oracle  
  34  3:00  Probe  
  34  3:01  Probe  
  36  3:12  Adept, Probe  
  42  3:15  Pylon  
  42  3:16  Probe  
  43  3:24  Phoenix  
  43  3:25  Probe  
  44  3:27  Pylon  
  44  3:28  Probe  
  47  3:37  Probe  
  47  3:41  Probe  
  49  3:49  Probe  
  46  3:59  Probe  
  46  4:01  Probe, Twilight Council  
  48  4:05  Gateway  
  48  4:06  Gateway  
  48  4:11  Probe  
  48  4:12  Assimilator  
  49  4:19  Resonating Glaives  
  49  4:20  Nexus  
  49  4:22  Probe  
  49  4:23  Probe  
  50  4:32  Robotics Facility  
  50  4:33  Forge  
  50  4:35  Probe  
  50  4:36  Probe  
  52  4:43  Adept  
  54  4:48  Pylon  
  54  4:50  Probe  
  54  4:51  Probe  
  56  5:02  Probe  
  56  5:03  Probe  
  58  5:07  Adept x2  
  58  5:08  Adept  
  58  5:12  Probe x2  
  58  5:14  Protoss Ground Weapons Level 1  
  60  5:20  Probe x2  
  63  5:29  Probe x2  
  63  5:30  Warp Prism  
  63  5:34  Adept x3  
  63  5:35  Probe  
  72  5:41  Probe  
  75  5:53  Gateway  
  75  5:56  Gateway  
  75  5:58  Gateway  
  75  6:04  Gateway  
  75  6:05  Gateway  
  75  6:07  Sentry x3  
  81  6:16  Blink  
  82  6:18  Observer  
  82  6:20  Probe x3  
  82  6:22  Pylon  
  85  6:30  Immortal  
  85  6:37  Pylon  
  85  6:39  Pylon  
  85  6:40  Probe x3  
  92  6:48  Pylon  
  92  6:52  Pylon  
  92  6:53  Shield Battery  
  92  6:54  Photon Cannon  
  92  7:01  Immortal  
  92  7:05  Adept x2, Protoss Ground Armor Level 1  
  92  7:06  Adept x4  
  102  7:17  Stalker x3  
  102  7:19  Photon Cannon  
  102  7:22  Shield Battery  
  102  7:31  Adept x2  
  102  7:32  Adept x3  
  102  7:34  Probe x2  
  102  7:36  Assimilator  
  114  7:37  Observer  
  114  7:39  Probe  
  116  7:46  Probe  
  116  7:48  Assimilator  
  116  7:50  Pylon x2  
  116  7:51  Pylon  
  117  7:52  Assimilator  
  117  7:57  Stalker x2  
  121  8:00  Stalker  
  125  8:08  Pylon  
  125  8:09  Pylon  
  123  8:18  Immortal  
  127  8:20  Adept x4  
  127  8:25  Adept x2  
  139  8:30  Adept x2  
  141  8:34  Photon Cannon  
  141  8:41  Forge  
  141  8:44  Robotics Bay  
  141  8:51  Robotics Facility  
  141  9:00  Stalker x2  
  141  9:01  Stalker x2  
  149  9:06  Observer  
  149  9:12  Protoss Ground Armor Level 2  
  149  9:13  Protoss Ground Weapons Level 2  
  148  9:22  Photon Cannon  
  148  9:28  Observer  
  149  9:36  Colossus  
  149  9:43  Colossus  
  147  9:57  Extended Thermal Lance  
  139  10:07  Charge  
  138  10:19  Photon Cannon x2  
  138  10:20  Shield Battery  
  138  10:25  Nexus  
  138  10:27  Pylon  
  138  10:30  Colossus x2  
  138  10:31  Pylon  
  138  10:37  Zealot x3  
  138  10:38  Zealot x5  
  146  11:01  Photon Cannon  
  146  11:10  Stalker x7  
  146  11:11  Stalker  
  162  11:20  Disruptor  
  162  11:26  Disruptor  
  162  11:27  Protoss Shields Level 1  
  168  11:33  Protoss Ground Armor Level 3  
  166  11:41  Zealot x3  
  166  11:42  Zealot x2  
  176  12:00  Disruptor x2  
  182  12:15  Assimilator  
  182  12:20  Assimilator  
  182  12:25  Pylon  
  182  12:26  Pylon  
  182  12:28  Templar Archives  
  182  12:30  Pylon  
  182  12:33  Stalker x2  
  182  12:34  Stalker x4  
  182  12:35  Stalker  
  195  12:57  Zealot x2  
  199  13:04  Colossus  
  159  13:06  Warp Prism  
  128  13:25  Stalker x8  
  142  13:39  Colossus  
  142  13:46  Psionic Storm  
  142  13:49  High Templar x2  
  142  13:53  Colossus  
  142  13:55  Nexus  
  152  13:58  Pylon  
  152  14:04  Probe  
  152  14:05  Probe x2  
  161  14:14  High Templar  
  161  14:15  High Templar  
  165  14:19  High Templar x2  
  165  14:20  Zealot x2  
  165  14:21  Archon  
  173  14:25  Zealot  
  173  14:26  Zealot  
  173  14:29  Archon  
  177  14:49  Zealot x6  
  189  14:55  Zealot  
  189  14:56  Zealot  
  193  15:04  Protoss Shields Level 2  
  193  15:05  Protoss Ground Weapons Level 3  
  191  15:33  High Templar x3  
  191  15:34  High Templar  
  199  15:38  Archon x2  
  199  15:44  Gateway  
  199  15:47  Gateway x2  
  199  15:49  Gateway  
  199  15:52  Gateway  
  199  15:54  Gateway  
  195  16:14  Stalker  
  195  16:15  Stalker  
  191  16:32  Stalker  
  191  16:33  Stalker x3  
  193  16:45  Disruptor x2  
  190  16:49  Dark Shrine  
  178  17:09  Zealot x8  
  145  17:54  Pylon, Nexus  
  139  18:00  High Templar  
  139  18:01  High Templar x4  
  139  18:02  High Templar x3  
  139  18:03  Nexus  
  139  18:05  Colossus  
  153  18:08  Archon  
  153  18:09  Archon  
  159  18:19  Assimilator  
  157  18:23  Assimilator  
  155  18:33  Stalker x2  
  155  18:34  Zealot x2  
  159  18:38  Observer  
  159  18:41  Zealot  
  161  19:03  Dark Templar  
  157  19:38  Stalker x3  
  161  19:53  Dark Templar  
  161  19:56  Stalker  
  161  20:15  Observer  
  157  20:29  Stalker x3  
  163  20:49  High Templar  
  162  20:50  Stalker x2  
  162  20:52  Archon  
  162  20:53  Archon  
  162  20:56  Stalker  
  163  20:57  Zealot  
Show
View Real Time Build Order
Export as new Build Order

lIIllllIIlll Terran - Winner!

Build Orders: Gas First Reaper Expand, Reaper Expand, MMM Bio 

Get SALT Encoding   

  12  0:00  SCV  
  13  0:12  SCV  
  14  0:17  Supply Depot  
  14  0:25  SCV  
  14  0:27  Refinery  
  15  0:38  SCV  
  16  0:44  Barracks  
  16  0:50  SCV  
  17  1:02  SCV  
  18  1:14  SCV  
  19  1:30  Orbital Command  
  19  1:31  Reaper  
  20  1:44  Command Center  
  20  1:54  Factory  
  20  1:57  SCV  
  21  2:04  Barracks Reactor  
  21  2:09  Refinery, SCV  
  21  2:14  Supply Depot  
  22  2:21  SCV  
  23  2:36  SCV  
  24  2:39  Widow Mine  
  24  2:40  Marine x2  
  28  2:44  Starport  
  28  2:48  SCV  
  28  2:58  Marine x2  
  28  3:00  SCV  
  28  3:05  Widow Mine  
  33  3:07  Orbital Command  
  33  3:12  SCV  
  34  3:20  Viking  
  34  3:24  SCV  
  37  3:27  Marine x2  
  37  3:31  Widow Mine  
  41  3:35  SCV  
  41  3:39  Supply Depot  
  42  3:41  SCV  
  42  3:47  SCV, Marine x2  
  43  3:57  SCV  
  43  3:59  SCV  
  44  4:04  Barracks  
  44  4:06  Bunker, Barracks  
  44  4:08  Marine  
  45  4:10  Marine  
  45  4:13  SCV x2  
  48  4:20  Supply Depot  
  48  4:24  Starport Tech Lab, Factory Tech Lab  
  48  4:29  SCV x2  
  49  4:35  Engineering Bay  
  49  4:37  Marine x2  
  51  4:43  SCV x2  
  53  4:46  Supply Depot  
  53  4:49  Starport Reactor  
  53  4:50  Refinery  
  53  4:51  Factory Reactor  
  53  4:55  SCV x2  
  53  4:59  Stimpack, Combat Shield  
  55  5:03  Terran Infantry Weapons Level 1  
  55  5:07  SCV x2  
  55  5:12  Marine  
  55  5:13  Marine  
  59  5:18  Supply Depot  
  59  5:19  SCV x2  
  63  5:22  Marauder x2  
  63  5:28  Supply Depot  
  65  5:30  Medivac x2  
  65  5:31  Widow Mine  
  65  5:34  SCV  
  70  5:40  Widow Mine, SCV  
  70  5:41  Marine x2  
  75  5:45  Marauder  
  79  5:50  Marauder, Supply Depot  
  79  5:51  Supply Depot  
  79  5:55  Widow Mine  
  81  5:58  SCV x2  
  81  6:03  Medivac  
  85  6:08  Marine  
  86  6:11  Marine, Medivac  
  86  6:12  Marauder x2  
  86  6:13  Widow Mine  
  86  6:16  Supply Depot  
  95  6:20  Supply Depot, Concussive Shells  
  95  6:27  Marine  
  95  6:29  Marine  
  97  6:33  Marauder x2  
  97  6:37  Widow Mine x2  
  105  6:41  Supply Depot  
  105  6:42  Supply Depot  
  105  6:48  Marine  
  105  6:49  Marine  
  105  6:50  Command Center  
  107  6:56  SCV x2  
  107  6:57  Terran Infantry Armor Level 1  
  107  6:59  Marauder x2  
  113  7:06  Marine x2  
  113  7:07  Widow Mine x2  
  116  7:11  SCV x2  
  116  7:21  Marauder x2  
  119  7:24  SCV x2, Marine x2  
  119  7:28  Refinery  
  123  7:38  SCV  
  123  7:39  SCV  
  123  7:42  Supply Depot  
  125  7:46  Barracks  
  125  7:47  Barracks  
  125  7:50  Medivac x2  
  129  7:53  SCV  
  129  7:54  SCV  
  131  8:00  Bunker  
  131  8:01  Missile Turret, Supply Depot  
  131  8:03  Orbital Command  
  133  8:06  Marauder  
  133  8:07  Marauder  
  133  8:08  SCV  
  133  8:09  SCV  
  137  8:22  Armory, SCV x2  
  137  8:23  Orbital Command  
  137  8:25  Engineering Bay  
  138  8:34  SCV x2  
  138  8:39  Barracks Tech Lab, Barracks Reactor  
  140  8:42  Marauder x2  
  143  8:49  SCV x3  
  143  8:54  Ghost Academy  
  146  8:59  Refinery  
  146  9:00  Refinery  
  146  9:01  Supply Depot, SCV x3  
  149  9:12  Terran Infantry Armor Level 2, Terran Infantry Weapons Level 2  
  149  9:13  SCV x3, Terran Ship Weapons Level 1  
  149  9:14  Marine x2  
  160  9:25  SCV x3  
  160  9:26  Ghost x3  
  160  9:27  Supply Depot  
  160  9:29  Marine x2  
  165  9:31  Marine  
  165  9:32  Marine  
  165  9:33  Supply Depot  
  167  9:46  Viking x2  
  167  9:52  Command Center  
  167  9:56  SCV x3  
  153  10:08  SCV x3  
  153  10:10  Ghost  
  153  10:11  Ghost  
  153  10:13  Ghost  
  162  10:20  Viking  
  162  10:21  Viking  
  166  10:28  SCV x3  
  165  10:47  Starport  
  164  10:50  Viking  
  164  10:51  Viking  
  164  10:52  Marauder x3  
  164  10:54  Marine x4  
  164  10:56  SCV x3  
  177  11:00  Supply Depot  
  177  11:03  Supply Depot  
  170  11:14  Terran Ship Weapons Level 2  
  170  11:17  SCV x2  
  170  11:18  SCV  
  173  11:20  Planetary Fortress  
  173  11:22  Viking  
  173  11:23  Viking  
  173  11:24  Viking x2  
  174  11:32  Refinery x2, SCV x3  
  177  11:37  Terran Infantry Weapons Level 3  
  174  11:43  Terran Infantry Armor Level 3  
  173  11:54  Viking x2  
  175  11:57  Marauder x2  
  175  11:58  Marauder  
  175  12:01  Marine x2  
  183  12:02  Marine x2  
  183  12:08  Viking  
  187  12:10  Viking  
  187  12:15  SCV x3  
  191  12:28  Ghost x2, Viking x2  
  199  12:36  Bunker  
  199  12:49  Barracks  
  199  12:50  Barracks x2  
  199  12:57  Liberator x2  
  163  13:12  Marauder, Marine x2  
  145  13:13  Marauder x2, Marine, Medivac x2  
  148  13:26  Marine  
  141  13:30  Marine x3  
  141  13:34  Marauder x3  
  150  13:37  Liberator  
  150  13:41  Barracks Tech Lab x2, Barracks Reactor, Liberator  
  134  13:50  Sensor Tower  
  134  13:51  Marine x4  
  134  13:52  Sensor Tower  
  134  13:55  Marauder x3  
  147  13:58  Liberator x2, Factory Tech Lab  
  150  14:07  Fusion Core  
  156  14:17  Marauder x3  
  156  14:18  Marauder x2  
  166  14:28  Starport, Liberator x2  
  166  14:32  Command Center  
  166  14:39  Marauder x4, Marine  
  166  14:41  Liberator  
  180  14:50  Liberator  
  179  14:55  Command Center  
  179  14:59  Marauder  
  184  15:00  Marauder x3  
  184  15:05  Liberator  
  184  15:06  Advanced Ballistics  
  192  15:22  Ghost x2  
  192  15:28  Sensor Tower  
  198  15:39  Ghost  
  199  15:51  Missile Turret x2  
  199  15:52  Missile Turret  
  199  16:09  Ghost x2  
  199  16:14  Terran Ship Weapons Level 3  
  199  16:36  Liberator x2  
  193  16:47  Ghost  
  193  16:48  Ghost x3  
  193  16:50  Liberator x2  
  196  17:02  Liberator  
  196  17:08  Marauder, Marine  
  186  17:09  Marine x3  
  189  17:17  Marauder x4  
  189  17:24  Marine x2  
  166  17:51  Orbital Command  
  161  18:00  Supply Depot  
  161  18:01  Supply Depot  
  161  18:03  Supply Depot  
  161  18:13  Supply Depot x2  
  161  18:17  Missile Turret, Liberator  
  154  18:27  Orbital Command  
  154  18:35  Marauder x3, SCV x2  
  154  18:41  Planetary Fortress  
  165  18:47  SCV x2  
  165  18:48  Sensor Tower, Medivac x2  
  170  18:51  Terran Vehicle And Ship Armor Level 1  
  170  18:59  SCV  
  171  19:12  Supply Depot  
  171  19:14  Refinery  
  171  19:16  Liberator  
  171  19:17  Supply Depot  
  171  19:18  Supply Depot  
  171  19:19  Missile Turret  
  171  19:20  Refinery  
  171  19:21  Refinery, SCV  
  171  19:23  SCV  
  171  19:33  Marauder, SCV  
  171  19:34  Marauder x2  
  171  19:36  Marauder  
  178  19:39  SCV x2  
  177  19:46  SCV  
  177  19:49  Viking x2  
  177  19:50  Viking x2  
  177  19:51  SCV  
  177  19:52  SCV  
  188  20:01  Sensor Tower  
  188  20:02  SCV  
  188  20:04  SCV x2  
  191  20:18  Missile Turret, Viking  
  191  20:19  Viking  
  195  20:39  Viking  
  195  20:40  Viking  
  190  20:44  Viking  
Tags
 
Add a new tag
Caveats
  • Supply blocks, unpowered buildings, or Contaminate may cause inaccurate times.
  • Supply counts are checked every 10 seconds.